 Dungeon Crawl Stone Soup version 0.20.1-1-g8b1a95d (webtiles) character file.

64 gungr the Insei (level 4, -1/28 HPs)
             Began as an Octopode Transmuter on Oct 30, 2017.
             Slain by Frank's ghost (6 damage)
             ... on level 3 of the Dungeon.
             The game lasted 00:04:13 (1633 turns).

gungr the Insei (Octopode Transmuter)               Turns: 1633, Time: 00:04:14

Health: -1/28      AC:  1    Str:  9    XL:     4   Next: 12%
Magic:  1/7        EV: 12    Int: 16    God:
Gold:   120        SH:  3    Dex: 12    Spells: 4/7 levels left

rFire    . . .     SeeInvis .     - Unarmed
rCold    . . .     Gourm    .   m - +0 buckler
rNeg     . . .     Faith    .   (helmet restricted)
rPois    .         Spirit   .   (no amulet)
rElec    .         Reflect  .   (no ring)
rCorr    .         Harm     .   (no ring)
MR       .....                  (no ring)
Stlth    ++........             (no ring)
Regen    0.1/turn               (no ring)
MPRegen  0.1/turn               (no ring)
                                (no ring)
                                (no ring)

@: appendage (expiring), very slightly contaminated
A: almost no armour, stealthy swim, amphibious, 8 rings, constrict 8, tentacle
spike 3, camouflage 1, gelatinous body 1
a: End Transformation


You were on level 3 of the Dungeon.
You were not hungry.
One of your tentacles had a temporary spike.
You visited 1 branch of the dungeon, and saw 3 of its levels.

You collected 120 gold pieces.

Inventory:

Missiles
 a - 20 arrows
Armour
 m - a +0 buckler (worn)
Jewellery
 q - an uncursed ring of see invisible {unknown}
Scrolls
 c - 2 scrolls of remove curse {unknown}
 d - a scroll of enchant armour {unknown}
 e - 3 scrolls of identify {unknown}
 f - 2 scrolls of immolation {unknown}
 g - a scroll of fear {unknown}
 k - a scroll of noise {unknown}
 l - a scroll of blinking {unknown}
 n - 2 scrolls of teleportation {unknown}
Potions
 i - a potion of flight {unknown}
 j - a potion of heal wounds {unknown}
 o - a potion of brilliance {unknown}
 p - 2 potions of lignification {unknown}
 r - a potion of mutation {unknown}
Books
 b - a book of Changes

   Spells                             Type                      Level
   a - Beastly Appendage              Transmutation                1
   b - Sticks to Snakes               Transmutation                2
   c - Spider Form                    Transmutation/Poison         3
   d - Ice Form                       Ice/Transmutation            4
   e - Blade Hands                    Transmutation                5
Comestibles
 h - 2 meat rations


   Skills:
 - Level 1.0 Fighting
 - Level 2.0 Dodging
 + Level 4.8 Unarmed Combat
 - Level 2.0 Spellcasting
 - Level 2.0 Transmutations


You had 4 spell levels left.
You knew the following spells:

 Your Spells              Type           Power        Failure   Level  Hunger
a - Beastly Appendage     Tmut           #.....       16%         1    #......
b - Sticks to Snakes      Tmut           #.......     22%         2    ###....


Dungeon Overview and Level Annotations

Branches:
Dungeon (3/15)

Altars:
Okawaru

Annotations:
D:3 Frank's ghost, amateur OpFi


Innate Abilities, Weirdness & Mutations

You cannot wear most types of armour.
You are very stealthy in the water. (Stealth+)
You are amphibious.
You can wear up to eight rings at the same time.
You can use your tentacles to constrict eight enemies at once.
Your skin changes colour to match your surroundings (Stealth+).
Your rubbery body absorbs attacks. (AC +1, EV +1)
One of your tentacles bears a large vicious spike.


Message History

Frank's ghost hits you.
You tentacle-slap Frank's ghost but do no damage.
Your tentacle spike misses Frank's ghost.
Frank's ghost is severely damaged.
You block Frank's ghost's attack.
You tentacle-slap Frank's ghost but do no damage.
Frank's ghost is severely damaged.
You block Frank's ghost's attack.
You barely miss Frank's ghost.
You pierce Frank's ghost.
Frank's ghost is severely damaged.
Frank's ghost misses you.
You tentacle-slap Frank's ghost.
Frank's ghost is almost destroyed.
Your transformation is almost over.
Frank's ghost hits you!
* * * LOW HITPOINT WARNING * * *
You closely miss Frank's ghost.
Frank's ghost is almost destroyed.
Frank's ghost hits you.
You die...

... #.#.#### ...
#...... #.###....#
.)...... #.#.#..#
#KS# #.. ##.##
#.###### #W##
##.....# ##@##
##.####.# ##.###..#
#.# ##.#.#.# #.#
##.##.# #.#
..#####.##.# #.# ##
........##.# #.###.P
......>.##.####.##.P≈
..########........≈≈≈
#####...PP♣♣


You could see Frank's ghost.

Vanquished Creatures
  2 adders
  2 worms
  A dart slug (D:3)
  3 leopard geckos
  3 bats (D:2)
  A giant cockroach (D:2)
  3 goblins
  5 hobgoblins
  8 kobolds
  2 frilled lizards
  7 rats
37 creatures vanquished.

Vanquished Creatures (collateral kills)
  A kobold (D:3)
1 creature vanquished.

Grand Total: 38 creatures vanquished

Notes
Turn   | Place    | Note
-------+----------+-------------------------------------------
     0 | D:1      | gungr the Octopode Transmuter began the quest for the Orb.
     0 | D:1      | Reached XP level 1. HP: 13/13 MP: 3/3
   193 | D:1      | Reached XP level 2. HP: 18/18 MP: 5/5
   855 | D:2      | Reached skill level 4 in Unarmed Combat
   997 | D:2      | Reached XP level 3. HP: 23/23 MP: 4/6
  1049 | D:2      | Found an iron altar of Okawaru.
  1363 | D:3      | Learned a level 2 spell: Sticks to Snakes
  1477 | D:3      | Reached XP level 4. HP: 18/28 MP: 7/7
  1615 | D:3      | Noticed Frank's ghost (amateur OpFi)
  1633 | D:3      | Slain by Frank's ghost

Skill      XL: |  1  2 |
---------------+-------+-----
Unarmed Combat | 4 |  4.8
Fighting       | |  1.0
Dodging        | |  2.0
Spellcasting   | |  2.0
Transmutations | |  2.0

Action                   |  1- 3 |  4- 6 || total
-------------------------+-------+-------++-------
Melee: Unarmed           |    70 |    14 ||    84
       Constrict         |    22 |     1 ||    23
       Tentacles         |    15 |     1 ||    16
       Kick              |     2 |     1 ||     3
       Punch             |     2 |       ||     2
 Cast: Beastly Appendage |     1 |     2 ||     3
       Sticks to Snakes  |       |     2 ||     2
  Use: Potion            |     3 |     2 ||     5
 Stab: Sleeping          |     2 |       ||     2
  Eat: Bread ration      |     1 |       ||     1
Armor: Skin              |     7 |       ||     7
Dodge: Dodged            |    32 |     3 ||    35
Block: Buckler           |     5 |     2 ||     7
